 Dungeon Sprint DCSS version 0.21-a0-351-g38363bb (webtiles) character file.

4230 Kidiri the Fighter (level 10, -6/153 HPs)
             Began as a Pale Draconian Gladiator on Oct 9, 2017.
             Was the Champion of Trog.
             Mangled by a gargoyle
             ... wielding a +0 mace
              (19 damage)
             ... in the Dungeon (Sprint VII: "The Pits").
             The game lasted 00:09:01 (1852 turns).

Kidiri the Fighter (Pale Draconian Gladiator)       Turns: 1852, Time: 00:09:01

Health: -6/153     AC: 11    Str: 28    XL:     10   Next: 9%
Magic:  3/3        EV: 19    Int:  9    God:    Trog [******]
Gold:   0          SH:  0    Dex: 12    Spells: 9/9 levels left

rFire    . . .     SeeInvis .   a - +4 great mace (antimagic)
rCold    . . .     Gourm    .   (shield currently unavailable)
rNeg     . . .     Faith    .   (armour unavailable)
rPois    .         Spirit   .   b - +0 hat
rElec    .         Reflect  .   x - +0 cloak
rCorr    .         Harm     .   (no gloves)
MR       .....     NoTele   +   (no boots)
Stlth    ..........             (no amulet)
HPRegen  0.35/turn              c - +3 ring of strength
MPRegen  0.08/turn              u - +3 ring of protection

@: berserking, lethally poisoned (-6 -> -28), glowing, very quick
A: breathe steam, unfitting armour, cold-blooded, AC +7
a: Breathe Steam, Berserk, Trog's Hand, Brothers in Arms, Burn Spellbooks,
Renounce Religion


You were in the Dungeon.
You worshipped Trog.
Trog was exalted by your worship.
You were near starving.

You visited 1 branch

Inventory:

Hand Weapons
 a - a +4 antimagic great mace (weapon)
 t - a +0 blowgun
Missiles
 m - 3 stones
 r - 2 throwing nets (quivered)
 s - 4 curare-tipped needles
Armour
 b - a +0 hat (worn)
 x - a +0 cloak (worn)
Jewellery
 c - a +3 ring of strength (left hand)
 u - a +3 ring of protection (right hand)
Scrolls
 j - a scroll of blinking
 l - 3 scrolls of remove curse
 n - a scroll of summoning
Potions
 e - 7 potions of curing
 f - 11 potions of heal wounds
 g - 2 potions of haste
 h - 4 potions of magic
 i - 4 potions of berserk rage
 k - 2 potions of invisibility
 v - 2 potions of might
 w - a potion of agility
Comestibles
 d - 8 bread rations
 o - 40 fruits
 p - 7 meat rations


   Skills:
 * Level 13.6 Fighting
 * Level 12.8 Maces & Flails
 + Level 8.8 Throwing
 * Level 11.8 Dodging


You had 9 spell levels left.
You didn't know any spells.

Dungeon Overview and Level Annotations

Branches:
Dungeon (1/1)

Altars:
Ashenzari
Cheibriados
Dithmenos
Elyvilon
Fedhas
Gozag
Hepliaklqana
Kikubaaqudgha
Makhleb
Nemelex Xobeh
Okawaru
Qazlal
Ru
Sif Muna
Trog
Uskayaw
Vehumet
Wu Jian
Xom
Yredelemnul
Zin
The Shining One
Beogh
Jiyva
Lugonu

Annotations:
D Grinder


Innate Abilities, Weirdness & Mutations

You can breathe blasts of scalding, opaque steam.
Your pale cyan-grey scales are hard. (AC +7)
You cannot fit into any form of body armour.
You are cold-blooded and may be slowed by cold attacks.


Message History

An orc high priest comes into view. It is wielding a scimitar.
You bludgeon the gnoll!!
You kill the gnoll!
Trog accepts your kill.
You feel sick.
The orc high priest utters an invocation to Beogh.
The orc warrior barely misses you. The gargoyle barely misses you.
A deep troll comes into view.
You barely miss the orc.
You feel sick.
The deep troll shouts!
The deep troll moves out of view.
The orc closely misses you.
Unknown command.
You sock the orc!
You kill the orc!
Trog accepts your kill.
You feel sick.
The orc warrior hits you with a dire flail!
* * * LOW HITPOINT WARNING * * *
The gargoyle hits you with a mace!!
You die...

..<...##..##...##
......##..#...##...+
......##..'..##....
......##)##..#.....
##########...+....
#########....#.... ##
.#...[##..#..##.g##..##4
.#..[[##.###..##)9oo.T4o
.+..))####.##..#@##
.#..))###..)+..'.o#
.#..))##..).#..##......
################ ######


You could see an orc high priest, a deep troll, an ice devil, a rust devil, an
orc warrior, a gargoyle, a gnoll and 2 orcs.

Vanquished Creatures
  Sonja (D)
  A flayed ghost (D)
  A wolf spider (D)
  An orange demon (D)
  A kobold demonologist (D)
  A hellwing (D)
  A red devil (D)
  An ice devil (D)
  A hornet (D)
  A bog body (D)
  A snapping turtle (D)
  A flying skull (D)
  A water moccasin (D)
  Duvessa (D)
  A porcupine (D)
  A sky beast (D)
  An eye of draining (D)
  A wolf (D)
  A centaur (D)
  A crocodile (D)
  Dowan (D)
  A hound (D)
  A gnoll shaman (D)
  2 orc wizards (D)
  A mummy (D)
  2 adders (D)
  3 gnolls (D)
  A river rat (D)
  A white imp (D)
  A worm (D)
  4 orcs (D)
  A ball python (D)
  A bat skeleton (D)
  A giant cockroach (D)
  2 hobgoblins (D)
  A kobold (D)
  A leopard gecko skeleton (D)
  A rat (D)
46 creatures vanquished.

Notes
Turn   | Place    | Note
-------+----------+-------------------------------------------
     0 | D        | Kidiri the Draconian Gladiator began the quest for the Orb.
     0 | D        | Reached XP level 1. HP: 17/17 MP: 1/1
    19 | D        | Reached skill level 3 in Fighting
    19 | D        | Reached XP level 2. HP: 15/26 MP: 2/2
    52 | D        | Found a bloodstained altar of Trog.
    52 | D        | Found a deep blue altar of Sif Muna.
    52 | D        | Found a viscous altar of Jiyva.
    52 | D        | Found a hazy altar of Hepliaklqana.
    52 | D        | Found an opulent altar of Gozag.
    53 | D        | Found a glowing golden altar of the Shining One.
    53 | D        | Found a glowing silver altar of Zin.
    53 | D        | Found a basalt altar of Yredelemnul.
    53 | D        | Found a shimmering altar of Xom.
    53 | D        | Found an ornate altar of the Wu Jian Council.
    53 | D        | Found a sacrificial altar of Ru.
    53 | D        | Found a stormy altar of Qazlal.
    53 | D        | Found an iron altar of Okawaru.
    53 | D        | Found a sparkling altar of Nemelex Xobeh.
    53 | D        | Found a burning altar of Makhleb.
    53 | D        | Found a blossoming altar of Fedhas.
    53 | D        | Found a white marble altar of Elyvilon.
    53 | D        | Found a shadowy altar of Dithmenos.
    53 | D        | Found a snail-covered altar of Cheibriados.
    56 | D        | Found a corrupted altar of Lugonu.
    56 | D        | Found a radiant altar of Vehumet.
    56 | D        | Found a roughly hewn altar of Beogh.
    57 | D        | Found an ancient bone altar of Kikubaaqudgha.
    57 | D        | Found a hide-covered altar of Uskayaw.
    57 | D        | Found a shattered altar of Ashenzari.
    61 | D        | Became a worshipper of Trog the Wrathful
   279 | D        | Reached * piety under Trog
   279 | D        | Reached skill level 4 in Fighting
   279 | D        | Reached XP level 3. HP: 33/33 MP: 3/3
   311 | D        | Noticed a flying skull
   432 | D        | Reached ** piety under Trog
   442 | D        | Killed a flying skull
   442 | D        | Reached skill level 7 in Fighting
   442 | D        | Reached XP level 4. HP: 19/47 MP: 4/4
   442 | D        | Reached XP level 5. HP: 21/52 MP: 5/5
   684 | D        | Noticed a wolf
   796 | D        | Reached *** piety under Trog
   820 | D        | Killed a wolf
   820 | D        | Reached XP level 6. HP: 59/61 MP: 6/6
   831 | D        | Noticed Duvessa
   832 | D        | Noticed a porcupine
   832 | D        | Noticed Dowan
   844 | D        | Killed Duvessa
   844 | D        | Reached skill level 8 in Fighting
   844 | D        | Reached skill level 5 in Throwing
   847 | D        | Killed a porcupine
   847 | D        | Reached skill level 9 in Fighting
   849 | D        | Reached **** piety under Trog
   854 | D        | Killed Dowan
   854 | D        | Your scales start taking on a pale cyan-grey colour.
   854 | D        | Reached XP level 7. HP: 70/70 MP: 7/7
   864 | D        | Reached ***** piety under Trog
   941 | D        | Received a gift from Trog
   947 | D        | Noticed Sonja
   955 | D        | Killed Sonja
   955 | D        | Reached skill level 10 in Fighting
   955 | D        | Reached skill level 10 in Maces & Flails
   955 | D        | Reached XP level 8. HP: 81/81 MP: 8/8
  1060 | D        | Received a gift from Trog
  1075 | D        | Noticed a red devil
  1079 | D        | Reached skill level 11 in Fighting
  1082 | D        | Killed a red devil
  1308 | D        | Noticed an ice devil
  1316 | D        | Reached skill level 10 in Dodging
  1325 | D        | Killed an ice devil
  1327 | D        | Received a gift from Trog
  1327 | D        | Reached XP level 9. HP: 37/90 MP: 3/9
  1574 | D        | Noticed an orange demon
  1581 | D        | Killed an orange demon
  1581 | D        | Reached skill level 12 in Fighting
  1583 | D        | Paralysed by a hornet for 3 turns
  1653 | D        | Noticed a kobold demonologist
  1664 | D        | Killed a kobold demonologist
  1664 | D        | Received a gift from Trog
  1824 | D        | Noticed a flayed ghost
  1831 | D        | Noticed Grinder
  1832 | D        | Noticed a hellwing
  1838 | D        | Killed a flayed ghost
  1838 | D        | Reached skill level 13 in Fighting
  1840 | D        | Noticed a wolf spider
  1840 | D        | Noticed a gargoyle
  1845 | D        | Killed a wolf spider
  1845 | D        | Reached XP level 10. HP: 62/101 MP: 3/10
  1847 | D        | Noticed a deep troll
  1849 | D        | Reached ****** piety under Trog
  1850 | D        | Noticed an orc high priest
  1851 | D        | Noticed a rust devil
  1851 | D        | Noticed a deep troll
  1852 | D        | Mangled by a gargoyle

Vault maps used:
D:        pitsprint

Skill      XL: |  1  2  3  4  5  6  7  8  9 |
---------------+----------------------------+-----
Fighting       | 3 4 7 9 10 11 13 | 13.6
Throwing       | 2 4 5 6 7 8 |  8.8
Dodging        | 3 6 7 9 10 11 | 11.8
Maces & Flails | 4 6 7 8 10 11 12 | 12.8

Action                   |  1- 3 |  4- 6 |  7- 9 | 10-12 || total
-------------------------+-------+-------+-------+-------++-------
Melee: Flail             |     6 |    29 |    22 |       ||    57
       Tailslap          |     3 |     2 |    14 |       ||    19
       Mace              |    21 |       |       |       ||    21
       Great mace        |       |       |    53 |     7 ||    60
Throw: Throwing net      |       |       |     5 |       ||     5
Invok: Berserk           |     1 |     1 |     6 |       ||     8
 Abil: Breathe Steam     |       |       |     1 |       ||     1
 Stab: Held in net/web   |       |       |     2 |       ||     2
  Eat: Chunk             |       |     1 |     8 |       ||     9
Armor: Skin              |     4 |     3 |    26 |     3 ||    36
Dodge: Dodged            |    21 |    10 |    79 |     8 ||   118

Table legend:
 A = Spawn XP
 B = Non-spawn XP
 C = Spawn XP percentage of total XP
 D = Spawn monster count
 E = Non-spawn monster count
 F = Spawn count percentage of total count
 G = Total turns spent on level
                    A         B        C        D         E        F      G
               +---------+---------+-------+---------+---------+-------+---------
         Total |       0 |    6044 |   0.0 |       0 |      46 |   0.0 |  1852
               +---------+---------+-------+---------+---------+-------+---------
             D |       0 |    6044 |   0.0 |       0 |      46 |   0.0 |  1852
               +---------+---------+-------+---------+---------+-------+---------
